 Dungeon Crawl Stone Soup version 0.24-a0-160-gfa3a8d6 (webtiles) character file.

Game seed: 18303601614842672141

451 galech the Chopper (level 6, -6/48 HPs)
             Began as a Demonspawn Fighter on Mar 5, 2019.
             Was a Follower of Okawaru.
             Killed by divine providence
             ... invoked by an orc priest
              (14 damage)
             ... on level 4 of the Dungeon.
             The game lasted 00:05:29 (4211 turns).

galech the Chopper (Demonspawn Fighter)             Turns: 4211, Time: 00:05:30

Health: -6/48      AC:  8    Str: 17    XL:     6   Next: 75%
Magic:  6/6        EV: 10    Int:  9    God:    Okawaru [*.....]
Gold:   228        SH:  9    Dex: 14    Spells: 5/5 levels left

rFire    . . .     SeeInvis .   a - +0 war axe
rCold    . . .     Gourm    .   c - +0 shield
rNeg     . . .     Faith    +   m - +0 acid dragon scales
rPois    .         Spirit   .   (helmet restricted)
rElec    .         Reflect  .   (no cloak)
rCorr    +         Harm     .   (no gloves)
MR       .....                  g - +0 pair of boots
Stlth    ..........             o - amulet of faith
HPRegen  0.16/turn              l - ring of attention (curse)
MPRegen  0.10/turn              (no ring)

@: no status effects
A: antennae 1, sturdy frame 2
a: Heroism, Renounce Religion


You were on level 4 of the Dungeon.
You worshipped Okawaru.
Okawaru was aware of your devotion.
You were hungry.

You visited 1 branch of the dungeon, and saw 4 of its levels.

You collected 228 gold pieces.

Inventory:

Hand Weapons
 a - a +0 war axe (weapon)
Armour
 b - a +0 scale mail
 c - a +0 shield (worn)
 g - a +0 pair of boots (worn)
 m - +0 acid dragon scales (worn)
Jewellery
 l - a cursed ring of attention (left hand)
 o - an amulet of faith (around neck)
Scrolls
 e - 4 scrolls of remove curse {unknown}
 h - 2 scrolls of teleportation {unknown}
 j - 2 scrolls of blinking {unknown}
 k - 2 scrolls of enchant weapon {unknown}
 q - a scroll of magic mapping {unknown}
 s - a scroll of noise {unknown}
 t - a scroll of identify {unknown}
 w - a scroll of immolation {unknown}
Potions
 d - a potion of might
 i - a potion of agility {unknown}
 n - a potion of haste {unknown}
 p - a potion of curing
 r - a potion of heal wounds {unknown}
 u - a potion of flight {unknown}
 v - a potion of resistance {unknown}
Comestibles
 f - 7 rations


   Skills:
 + Level 4.0 Fighting
 + Level 4.8 Axes
 + Level 3.3 Armour
 + Level 1.4 Dodging
 + Level 0.5 Stealth
 + Level 3.7 Shields


You had 5 spell levels left.
You didn't know any spells.
Your spell library was empty.

Dungeon Overview and Level Annotations

Branches:
Dungeon (4/15)
 Temple: D:4-7

Altars:
Elyvilon
Kikubaaqudgha
Okawaru

Annotations:
D:3 1 runed translucent door, Crazy Yiuf


Innate Abilities, Weirdness & Mutations

You have a pair of small antennae on your head.
Your movements are less encumbered by armour. (ER -4)


Message History

The orc wizard casts a spell.
The orc wizard blinks!
You block the orc wizard's attack. The orc wizard casts a spell at you.
The magic dart hits you.
* * * LOW HITPOINT WARNING * * *
You block the orc wizard's attack.
The orc priest invokes the aid of Beogh against you.
Beogh smites you!
* * * LOW HITPOINT WARNING * * *
The orc wizard casts a spell at you. You resist with some effort.
The orc priest looks braver for a moment.
The orc wizard hits you but does no damage.
It was a potion of curing.
You feel better.
The orc wizard mumbles some strange words.
The orc wizard blinks!
The orc priest invokes the aid of Beogh against you.
Beogh smites you!
You die...

.......# #...'...........#
###....# #...#...))......# ##
..#....#####.##...).......# #.
..###'##..##'######.......# #.
'###..........+ #.......# #.
..##..........# #.......# #.
..##..##.....######.......#######
..##..##.....#............#....##
####(..#.....#..@..########.....#
...#...#.....#.....+...........##
...#+#########.....#...........##
...#..##.....T.....#.............
...#...#...........'.............
...#...#......o....########....##
...#...#..................#....##
...#...#.o................#......
...##'##..................#......


You could see a troll, an orc priest and an orc wizard.

Vanquished Creatures
  A water moccasin (D:2)
  A scorpion (D:4)
  An orc priest (D:4)
  A hound (D:4)
  An orc wizard (D:4)
  An iguana (D:4)
  A worker ant (D:4)
  Robin (D:2)
  4 adders
  2 oozes (D:1)
  3 worms
  3 dart slugs
  A leopard gecko (D:2)
  4 orcs
  A ball python (D:3)
  A giant cockroach (D:3)
  18 goblins
  11 hobgoblins
  4 jackals (D:2)
  A quokka (D:4)
  7 bats
  6 frilled lizards
  10 kobolds
  A quokka skeleton (D:4)
  6 rats
91 creatures vanquished.

Notes
Turn   | Place    | Note
-------+----------+-------------------------------------------
     0 | D:1      | galech the Demonspawn Fighter began the quest for the Orb.
     0 | D:1      | Reached XP level 1. HP: 18/18 MP: 1/1
   272 | D:1      | Gained mutation: Your movements are slightly less
                  | encumbered by armour. (ER -2) [demonic ancestry]
   272 | D:1      | Reached XP level 2. HP: 23/24 MP: 2/2
   505 | D:1      | Reached XP level 3. HP: 27/29 MP: 3/3
  1696 | D:2      | Noticed Robin
  1701 | D:2      | Noticed a water moccasin
  1709 | D:2      | Killed Robin
  1709 | D:2      | Reached XP level 4. HP: 23/35 MP: 4/4
  1726 | D:2      | Killed a water moccasin
  1726 | D:2      | Gained mutation: You have a pair of small antennae on your
                  | head. [demonic ancestry]
  1726 | D:2      | Reached XP level 5. HP: 6/42 MP: 5/5
  2381 | D:3      | Found an iron altar of Okawaru.
  2383 | D:3      | Reached skill level 1 in Dodging
  2402 | D:3      | Became a worshipper of Warmaster Okawaru
  2580 | D:3      | Found an ancient bone altar of Kikubaaqudgha.
  2623 | D:3      | Found a white marble altar of Elyvilon.
  2957 | D:3      | Found a runed translucent door.
  2958 | D:3      | Noticed Crazy Yiuf
  3466 | D:4      | Gained mutation: Your movements are less encumbered by
                  | armour. (ER -4) [demonic ancestry]
  3466 | D:4      | Reached XP level 6. HP: 48/48 MP: 6/6
  3887 | D:4      | Reached * piety under Okawaru
  4178 | D:4      | Noticed a troll
  4207 | D:4      | HP: 1/48 [orc priest/divine providence (8)]
  4211 | D:4      | Killed from afar by an orc priest

Levels and vault maps discovered:
D:1:      dpeg_arrival_water_fire, layout_basic, serial_bayou_ford_a,
          minmay_misc_feat_rugged, minmay_hexomino_f4
D:2:      layout_basic, glass_columns_a, uniq_robin
D:3:      layout_loops_ring, kiku_gazebo_garden_becter, elyvilon_altar_5,
          okawaru_gym_becter, uniq_crazy_yiuf_cottage
D:4:      layout_gridville, nicolae_gozag_zags_fifth_avenue

Skill      XL: |  1  2  3  4  5  6 |
---------------+-------------------+-----
Armour         | 3 |  3.3
Axes           | 2 3 4 |  4.8
Shields        | 3 |  3.7
Dodging        | 1 |  1.4
Fighting       | 4 |  4.0
Stealth        | |  0.5

Action                   |  1- 3 |  4- 6 || total
-------------------------+-------+-------++-------
Melee: War axe           |    95 |   169 ||   264
  Use: Potion            |       |     2 ||     2
  Eat: Chunk             |     3 |     7 ||    10
Armor: Scale mail        |    31 |       ||    31
       Acid dragon scale |    23 |    65 ||    88
Dodge: Dodged            |    31 |    68 ||    99
Block: Shield            |    61 |    93 ||   154

Table legend:
 A = Non-vault XP
 B = Vault XP
 C = Vault XP percentage of total XP
 D = Non-vault monster count
 E = Vault monster count
 F = Vault count percentage of total count
                 A         B        C        D         E       F
            +---------+---------+-------+---------+---------+-------
      Total |     605 |      40 |   6.2 |      76 |      15 |  16.5
            +---------+---------+-------+---------+---------+-------
        D:1 |      53 |       5 |   8.6 |      24 |       3 |  11.1
        D:2 |     185 |      35 |  15.9 |      19 |      12 |  38.7
        D:3 |      60 |       0 |   0.0 |      18 |       0 |   0.0
        D:4 |     307 |       0 |   0.0 |      15 |       0 |   0.0
            +---------+---------+-------+---------+---------+-------
